 Dungeon Crawl Stone Soup version 0.31.0-32-g396128a36d (webtiles) character file.

Game seed: 13499826004586999983

11976 Alphaeus the Grappler (level 11, -1/76 HPs)
             Began as a Troll Shapeshifter on Mar 19, 2024.
             Was a High Priest of Qazlal.
             Killed from afar by a hellion (17 damage)
             ... with damnation
             ... on level 1 of the Abyss.
             The game lasted 00:11:59 (9206 turns).

Alphaeus the Grappler (Troll Shapeshifter)          Turns: 9206, Time: 00:12:00

Health: -1/76      AC: 11    Str: 24      XL:     11   Next: 56%
Magic:  10/10      EV:  8    Int:  0 (2)  God:    Qazlal [*****.]
Gold:   683        SH: 14    Dex:  5      Spells: 10/10 levels left

rFire   . .          .
                       - Unarmed
rCold   . . .        O - +1 kite shield {rPois}
rNeg    . . .        C - +1 steam dragon scales
rPois   +            (helmet currently unavailable)
rElec   .            L - melded +0 cloak
rCorr   .            (gloves unavailable)
SInv    .            (boots unavailable)
Will    .....        m - amulet of regeneration
Stlth   +            J - ring of poison resistance
HPRegen 1.92/turn    (no ring)
MPRegen 0.12/turn

%: repel missiles
@: beast-form, protected from physical damage, slowed, lost intelligence, unable
to read, very slow
A: beast (slay +4), large, unfitting armour, claws 3, regeneration 1, shaggy fur
1, tough skin 1, [clumsy 2], [deterioration 2], [dopey 2], [frail 3], [screaming
2], ([teleportitis 2]), [weak 2], [subdued magic 3], [inability to drink after
injury 2], [inability to read after injury 2], [persistent drain]
a: Begin Untransformation, Renounce Religion, Upheaval, Elemental Force,
Disaster Area


You were on level 1 of the Abyss.
You worshipped Qazlal.
Qazlal was extremely pleased with you.
You were a hulking beast.
You visited 2 branches of the dungeon, and saw 13 of its levels.
You visited the Abyss 1 time.
You also visited: Sewer.

You collected 767 gold pieces.
You spent 84 gold pieces at shops.

Inventory:

Armour
 a - a +0 animal skin
 i - +0 acid dragon scales
 z - a +0 kite shield
 C - +1 steam dragon scales (worn)
 L - a +0 cloak (melded)
 O - a +1 kite shield of poison resistance (worn)
 T - the +2 ratskin cloak {*Rats rPois rN+ Str-1 Int-1 Dex+1}
   (You found it on level 11 of the Dungeon)

   *Rats:     When the wearer is hurt, rats may emerge from it to assist them.
   Str-1:     It affects your strength (-1).
   Int-1:     It affects your intelligence (-1).
   Dex+1:     It affects your dexterity (+1).
   rPois:     It protects you from poison rN+: It protects you from negative
   energy.
Jewellery
 m - an amulet of regeneration (around neck)
 r - an amulet of guardian spirit
 J - a ring of poison resistance (left claw)
Talismans
 c - a beast talisman (active)
 d - a flux talisman
 h - a blade talisman
Wands
 l - a wand of roots (17)
 F - a wand of polymorph (5)
 H - a wand of quicksilver (5)
 K - a wand of digging (5)
 M - a wand of charming (10)
 N - a wand of mindburst (2)
 R - a wand of flame (9)
Scrolls
 e - 5 scrolls of enchant armour
 f - 7 scrolls of revelation
 g - 2 scrolls of poison {unknown}
 p - 2 scrolls of fear
 s - a scroll of fog
 t - a scroll of blinking {unknown}
 u - a scroll of immolation {unknown}
 v - 4 scrolls of teleportation
 w - a scroll of vulnerability {unknown}
 x - 2 scrolls of enchant weapon {unknown}
 y - 3 scrolls of amnesia {unknown}
 P - a scroll of torment {unknown}
 U - 2 scrolls of identify
Potions
 b - 5 potions of lignification
 j - 3 potions of attraction
 k - 4 potions of might
 n - a potion of heal wounds
 o - 5 potions of mutation
 q - a potion of magic {unknown}
 A - 4 potions of haste {unknown}
 B - a potion of curing {unknown}
 D - 2 potions of invisibility {unknown}
 E - 3 potions of brilliance {unknown}
 G - a potion of ambrosia {unknown}
 I - a potion of berserk rage {unknown}
 Q - a potion of resistance {unknown}
 S - a potion of cancellation {unknown}


   Skills:
 + Level 7.0 Fighting
 - Level 1.5 Dodging
 * Level 3.5 Shields
 - Level 11.5 Unarmed Combat
 * Level 11.3 Shapeshifting


You had 10 spell levels left.
You didn't know any spells.
Your spell library contained the following spells:

 Spells                   Type           Power      Damage    Failure   Level
 Ensorcelled Hibernation  Hex/Ice        0%         N/A       88%         2
 Call Canine Familiar     Summ           0%         N/A       98%         3
 Fugue of the Fallen      Necr           0%         N/A       98%         3
 Sigil of Binding         Hex            0%         N/A       98%         3
 Anguish                  Hex/Necr       0%         N/A       100%        4
 Dimensional Bullseye     Hex/Tloc       0%         N/A       100%        4


Dungeon Overview and Level Annotations

Branches:
Dungeon (12/15)            Temple (1/1) D:7            Lair (0/5) D:11
    Orc (0/2) D:9           Sewer (visited)

Altars:
Ashenzari
Cheibriados
Dithmenos
Elyvilon
Fedhas
Gozag
Hepliaklqana
Kikubaaqudgha
Makhleb
Nemelex Xobeh
Okawaru
Qazlal
Ru
Sif Muna
Trog
Uskayaw
Vehumet
Wu Jian
Xom
Yredelemnul
Zin
The Shining One

Shops:
D:1 !   D:7 !

Annotations:
D:12 Sonja


Innate Abilities, Weirdness & Mutations

You are a hulking beast.
Your limbs bulge with bestial killing power. (Slay +4)
You are too large for most types of armour.
You have claws for hands.
Your natural rate of healing is unusually fast.
You are covered in fur. (AC +1)
You have tough skin. (AC +1)
[You are very clumsy. (Dex -4)]
[Your body often deteriorates upon taking damage.]
[You are very dopey. (Int -4)]
[You are extremely frail. (-30% HP)]
[You frequently scream uncontrollably at your foes.]
[((You are often teleported next to monsters.))]
[You are very weak. (Str -4)]
[Your spells are much easier to cast, but much less powerful.]
[You sometimes lose the ability to drink potions when taking damage.]
[You sometimes lose the ability to read scrolls when taking damage.]
[Your health recovers twice as slowly from being drained.]


Message History

The vampire draws strength from your injuries!
The hellion gestures at you.
The sphere of damnation explodes!
The damnation engulfs you!
Your body deteriorates!
You feel dopey.
You have lost your intelligence.
The vampire attacks as it pursues you! The vampire hits you.
The vampire bites you.
The vampire draws strength from your injuries!
You hear a shout!
The vampire completely misses you. The vampire bites you.
The vampire draws strength from your injuries!
The worldbinder calls forth creatures from the Swamp!
The vampire hits you but does no damage.
The vampire barely misses you.
You can move again.
The worldbinder calls forth creatures from the Swamp!
The swamp drake is engulfed in a thunderstorm.
You kill the swamp drake!
The swamp drake's corpse disappears in a puff of smoke!
The vampire attacks as it pursues you! You block the vampire's attack.
The vampire bites you.
The vampire draws strength from your injuries!
The worldbinder calls forth creatures from the Swamp!
A large abomination comes into view.
The bog body disappears in a puff of smoke! x2
The swamp drake is engulfed in a thunderstorm.
You kill the swamp drake!
The swamp drake's corpse disappears in a puff of smoke!
The vampire is engulfed in freezing vapours.
The vampire attacks as it pursues you! The vampire hits you!
You feel protected from physical attacks.
The vampire bites you!
* * * LOW HITPOINT WARNING * * *
The vampire draws strength from your injuries!
The worldbinder calls forth creatures from the Swamp!
The vampire casts a spell.
The vampire flickers and vanishes!
Deactivating autopickup; reactivate with Ctrl-A.
The hellion gestures at you.
The sphere of damnation explodes!
The damnation engulfs you!
You die...

### . ..# ..##.
......## .......###
#..##h.# ##X.### #
#..{## ### .. .
#.§#x§## ## .## #. #
#....#2.n####...#X.#.#.
#.## ##kk5.........#..
. .. ## #*.##.#5 .# #.
#. ##..#4### # .#.
.*#... #... .X.....#.
..#.# ..


You could see a large abomination, a worldbinder and a hellion.

Vanquished Creatures
  A two-headed ogre (D:11)
  Urug (D:10)
  Pikel (D:7)
  Maggie (D:7)
  3 unseen horror zombies (D:8)
  A kobold demonologist (D:12)
  A komodo dragon (D:11)
  3 trolls
  Prince Ribbit (D:5)
  Sigmund (D:3)
  A wraith (D:10)
  3 wyverns
  A basilisk (D:11)
  8 yaks (D:8)
  2 steam dragons
  5 vampire mosquitoes (D:11)
  An acid dragon (D:10)
  An ice beast (D:8)
  Pargi (Sewer)
  A sky beast (D:7)
  3 orc warriors
  6 black bears
  A hornet zombie (D:8)
  7 centaurs
  An ogre (D:6)
  2 lemures (D:7)
  3 phantoms
  3 kobold brigands
  A brain worm (Sewer)
  3 bullfrogs
  A wyvern zombie (D:8)
  2 scorpions
  3 gnoll sergeants
  10 wights
  A howler monkey (D:11)
  2 centaur zombies (D:8)
  2 bombardier beetles
  A jelly (D:4)
  10 orc priests
  A gnoll bouda (D:10)
  A hound (D:4)
  A sleepcap (D:7)
  7 iguanas
  8 orc wizards
  2 killer bee zombies (D:8)
  7 howler monkey zombies (D:8)
  25 gnolls
  3 adders
  A shadow imp (D:5)
  A white imp (D:7)
  3 dart slugs
  3 ribbon worms (D:2)
  35 orcs
  9 ball pythons
  10 endoplasms
  4 giant cockroaches
  4 goblins
  8 hobgoblins
  17 kobolds
  3 quokkas
  8 bats
  5 frilled lizards
  3 rats
269 creatures vanquished.

Notes
Turn   | Place    | Note
-------+----------+-------------------------------------------
     0 | D:1      | Alphaeus the Troll Shapeshifter began the quest for the
                  | Orb.
     0 | D:1      | Reached XP level 1. HP: 18/18 MP: 0/0
   209 | D:1      | Reached skill level 1 in Fighting
   224 | D:1      | Reached XP level 2. HP: 27/27 MP: 1/1
   631 | D:1      | Found Kiph's Distillery.
   927 | D:2      | Reached XP level 3. HP: 33/33 MP: 2/2
  1010 | D:2      | Reached XP level 4. HP: 14/41 MP: 3/3
  1145 | D:2      | Identified the +11 flail "Athret" {spect, rPois Str+4 Dex+2
                  | SInv}
  1392 | D:1      | Bought a potion of heal wounds for 70 gold pieces
  1424 | D:3      | Identified the +0 short sword "Wupagrui" {elec, rF- rN+
                  | Will+ SInv}
  1456 | D:3      | Found an opulent altar of Gozag.
  1473 | D:3      | Found a stormy altar of Qazlal.
  1496 | D:3      | Became a worshipper of Qazlal Stormbringer
  1572 | D:3      | Reached XP level 5. HP: 45/49 MP: 4/4
  1648 | D:3      | Found a glowing drain.
  1662 | Sewer    | Entered a sewer
  1741 | Sewer    | Noticed Pargi
  1748 | Sewer    | Killed Pargi
  1749 | Sewer    | Reached XP level 6. HP: 48/57 MP: 5/5
  1769 | Sewer    | Reached skill level 5 in Unarmed Combat
  1799 | D:3      | Found an ornate altar of the Wu Jian Council.
  1808 | D:3      | Noticed Sigmund
  1840 | D:3      | Killed Sigmund
  1841 | D:3      | Reached skill level 5 in Shapeshifting
  2013 | D:3      | Identified the +4 quarterstaff "Bugum" {speed, Int+7}
  2095 | D:3      | Found an ancient bone altar of Kikubaaqudgha.
  2095 | D:3      | Found a snail-covered altar of Cheibriados.
  2103 | D:3      | Found a hide-covered altar of Uskayaw.
  2105 | D:3      | Found a burning altar of Makhleb.
  2107 | D:3      | Found a radiant altar of Vehumet.
  2707 | D:4      | Found a broken altar of Ashenzari.
  2725 | D:4      | Reached * piety under Qazlal
  2726 | D:4      | Reached XP level 7. HP: 56/66 MP: 6/6
  3184 | D:5      | Entered Level 5 of the Dungeon
  3366 | D:5      | Found a bloodstained altar of Trog.
  3374 | D:5      | Reached XP level 8. HP: 59/75 MP: 7/7
  3439 | D:5      | Noticed Prince Ribbit
  3450 | D:5      | Killed Prince Ribbit
  3738 | D:5      | Reached ** piety under Qazlal
  3980 | D:6      | Reached XP level 9. HP: 65/85 MP: 8/8
  4414 | D:7      | Noticed Maggie
  4423 | D:7      | Killed Maggie
  4448 | D:7      | Noticed Pikel
  4454 | D:7      | Killed Pikel
  4465 | D:7      | Found a staircase to the Ecumenical Temple.
  4485 | Temple   | Entered the Ecumenical Temple
  4502 | D:7      | Reached skill level 5 in Fighting
  4958 | D:7      | Found Uweepi Ganu's Distillery.
  4972 | D:7      | Bought a potion of degeneration for 14 gold pieces
  5205 | D:8      | Found a shimmering altar of Xom.
  5252 | D:8      | Reached *** piety under Qazlal
  5303 | D:8      | Reached XP level 10. HP: 96/96 MP: 9/9
  5322 | D:8      | Reached skill level 10 in Unarmed Combat
  5327 | D:8      | Found an iron altar of Okawaru.
  5427 | D:8      | Found a glowing silver altar of Zin.
  5427 | D:8      | Found a blossoming altar of Fedhas.
  5656 | D:8      | Reached skill level 10 in Shapeshifting
  5678 | D:8      | Reached **** piety under Qazlal
  6616 | D:9      | Found a staircase to the Orcish Mines.
  7345 | D:10     | Entered Level 10 of the Dungeon
  7404 | D:10     | Reached XP level 11. HP: 106/106 MP: 10/10
  7428 | D:10     | Noticed Urug
  7436 | D:10     | Killed Urug
  7641 | D:10     | Found a glowing golden altar of the Shining One.
  7881 | D:10     | Reached ***** piety under Qazlal
  8048 | D:11     | Noticed a two-headed ogre
  8059 | D:11     | Killed a two-headed ogre
  8060 | D:11     | Reached skill level 1 in Shields
  8119 | D:11     | Found the +2 ratskin cloak {*Rats rPois rN+ Str-1 Int-1
                  | Dex+1}
  8735 | D:11     | Found a staircase to the Lair.
  9004 | D:12     | Found a hide-covered altar of Uskayaw.
  9098 | D:12     | Noticed Sonja
  9111 | Abyss:1  | Cast into level 1 of the Abyss (Sonja)
  9147 | Abyss:1  | Noticed a wretched star
  9152 | Abyss:1  | Noticed a goliath frog
  9168 | Abyss:1  | Noticed a bog body
  9168 | Abyss:1  | Found a corrupted altar of Lugonu.
  9180 | Abyss:1  | Noticed a bog body
  9180 | Abyss:1  | Noticed a bog body
  9180 | Abyss:1  | Noticed a bog body
  9200 | Abyss:1  | Lost intelligence.
  9203 | Abyss:1  | Noticed a bog body
  9204 | Abyss:1  | Noticed a bog body
  9204 | Abyss:1  | Noticed a bog body
  9206 | Abyss:1  | Killed from afar by a hellion

Illustrated notes

Levels and vault maps discovered:
D:1:      minmay_arrival_pointy, layout_basic, serial_shops, shop,
          serial_park_tiny_2, palyth_stone_intersect, minmay_surrounded
D:2:      layout_basic
D:3:      layout_loops_ring, nicolae_wu_jian_wuxing_cycle,
          chequers_temple_overflow_minitemple,
          mainiacjoe_overflow_catwalk_spiral, cheibrodos_sewer_entry_sluice,
          uniq_sigmund
D:4:      layout_gridville, nicolae_ashenzari_panopticon
D:5:      layout_basic, trog_ov_bears_minmay, uniq_prince_ribbit1
D:6:      layout_cave_pools, small_statue_intersection,
          minmay_misc_feat_diagonals
D:7:      black_bear_nest_2, layout_loops_corners,
          minmay_temple_entry_mini_moons, serial_shops, shop, uniq_pikel,
          uniq_maggie
D:8:      layout_loops_corners, okawaru_trees_2,
          mainiacjoe_overflow_concentric_impassable,
          mainiacjoe_overflow_divided_tiny, serial_undead, serial_undead_d,
          serial_undead_f, serial_undead_f, serial_undead_b, serial_undead_d,
          serial_undead_e, serial_undead_c, serial_undead_d, serial_undead_d,
          serial_undead_b, nrook_uturn, lightli_orcish_oven
D:9:      nicolae_cairo_tiling_large_dashed, layout_grid_maze, david_orc_2,
          minmay_stone_trees_medium
D:10:     layout_roguey, marbit_many_paths, serial_bayou_pond_d, minivault_24,
          uniq_urug
D:11:     layout_loops_ring, erik_lair_dragon
D:12:     kennysheep_six_static_rooms, layout_basic, serial_shops,
          nicolae_square_shop, eat_drink_and_be_merry_uskayaw, uniq_sonja
Temple:   hellmonk_temple_two_chambers
Abyss:1:  base: D:8, minivault_26, minivault_26

Skill      XL: |  1  2  3  4  5  6  7  8  9 10 11 |
---------------+----------------------------------+-----
Fighting       | 1 2 3 4 5 6 7 |  7.0
Unarmed Combat | 4 5 6 8 9 11 | 11.5
Shapeshifting  | 4 5 6 7 9 10 11 | 11.3
Shields        | 3 |  3.5
Dodging        | |  1.5

Action                     |  1- 3 |  4- 6 |  7- 9 | 10-12 || total
---------------------------+-------+-------+-------+-------++-------
  Melee: Unarmed           |    57 |    90 |   216 |   301 ||   664
         Punch             |     1 |     2 |     9 |    10 ||    22
    Use: Potion            |       |     1 |       |       ||     1
         Scroll            |       |       |     5 |     3 ||     8
 Armour: Animal skin       |    38 |    68 |   126 |       ||   232
         Steam dragon scal |       |       |    49 |   219 ||   268
         Acid dragon scale |       |       |       |     1 ||     1
  Dodge: Dodged            |    36 |    35 |    88 |    78 ||   237
         Repelled          |       |       |       |     2 ||     2
  Block: Other             |       |       |    23 |    33 ||    56
         Kite shield       |       |       |       |    95 ||    95
   Form: Blade             |       |       |       |     2 ||     2
         Beast             |       |       |       |     2 ||     2
